 Dungeon Crawl Stone Soup version 0.29.1-15-g9cfb28693d (webtiles) character file.

Game seed: 1739639038681506654

7 Heoruswealwe the Digger (level 1, 0/10 HPs)
             Began as a Deep Elf Earth Elementalist on Apr 4, 2023.
             Slain by a quokka (1 damage)
             ... on level 1 of the Dungeon.
             The game lasted 00:01:01 (83 turns).

Heoruswealwe the Digger (Deep Elf Earth Elementalist) Turns: 83, Time: 00:01:01

Health: 0/10       AC:  2    Str:  5    XL:     1   Next: 91%
Magic:  3/6        EV: 12    Int: 19    God:
Gold:   0          SH:  0    Dex: 15    Spells: 5/6 levels left

rFire   . . .      SeeInvis .   (no weapon)
rCold   . . .      Faith    .   (no shield)
rNeg    . . .      Spirit   .   a - +0 robe
rPois   .          Reflect  .   (no helmet)
rElec   .          Harm     .   (no cloak)
rCorr   .          Rampage  .   (no gloves)
Will    .....                   (no boots)
Stlth   ++........              (no amulet)
HPRegen 0.03/turn               (no ring)
MPRegen 0.10/turn               (no ring)

@: no status effects
A: no striking features
a: no special abilities


You were on level 1 of the Dungeon.
You visited 1 branch of the dungeon, and saw 1 of its levels.

Inventory:

Armour
 a - a +0 robe (worn)
Scrolls
 c - a scroll of fog {unknown}
 d - a scroll of amnesia {unknown}


   Skills:
 - Level 2.4 Dodging
 - Level 2.4 Stealth
 + Level 3.4 Spellcasting
 - Level 1.1 Transmutations
 + Level 3.6 Earth Magic


You had 5 spell levels left.
You knew the following spells:

 Your Spells              Type           Power      Damage    Failure   Level
a - Sandblast             Erth           34%        2d9       3%          1

Your spell library contained the following spells:

 Spells                   Type           Power      Damage    Failure   Level
 Passwall                 Tmut/Erth      10%        N/A       9%          2
 Stone Arrow              Conj/Erth      20%        3d8       21%         3
 Petrify                  Tmut/Erth      12%        N/A       50%         4


Dungeon Overview and Level Annotations

Branches:
Dungeon (1/15)

Altars:


Message History

You kill the ball python!
The jackal misses you.
The blast of sand hits the jackal!
You kill the jackal!
The jackal barely misses you. Magic courses through your body.
The jackal bites you.
An endoplasm comes into view.
The jackal bites you but does no damage.
The blast of sand hits the jackal but does no damage.
The jackal is moderately wounded.
The endoplasm quivers.
The jackal bites you but does no damage.
The quokka bites you. The jackal bites you. The quokka misses you.
You are too injured to fight recklessly!
Casting: Sandblast (safe; 3% risk of failure)
Confirm with . or Enter, or press ? or * to list all spells.
Aiming: Sandblast (safe; 3% risk of failure)
Press: ? - help, Shift-Dir - straight line, f/p - jackal
Aim: a jackal (moderately wounded, 77% to hit)
The blast of sand hits the jackal.
The jackal is heavily wounded.
The jackal closely misses you.
The quokka bites you but does no damage.
The jackal bites you. The quokka barely misses you.
Casting: Sandblast (safe; 3% risk of failure)
Confirm with . or Enter, or press ? or * to list all spells.
Aiming: Sandblast (safe; 3% risk of failure)
Press: ? - help, Shift-Dir - straight line, f/p - jackal
Aim: a jackal (moderately wounded, 77% to hit)
The blast of sand hits the jackal!
You kill the jackal!
The quokka bites you.
* * * LOW HITPOINT WARNING * * *
Casting: Sandblast (safe; 3% risk of failure)
Confirm with . or Enter, or press ? or * to list all spells.
Aiming: Sandblast (safe; 3% risk of failure)
Press: ? - help, Shift-Dir - straight line, f - quokka
Aim: a quokka (75% to hit)
The blast of sand misses the quokka.
The quokka bites you.
You die...

.....$...# ##.........#
.........# #...........
.........#
####...........
.........#
#8.......<.....
.........#
####...........
.........# #......)....
.......†.####
##.........#
.#######†r..#
#.........# ..###.@..#
###.....### .....J....#
#.....# ...###....#
##.....## . #....#
#8.....8#
####....######.....##
###..........###.....##
.............##8.....8#
#....†......###.....##
#...........###.....##


You could see an endoplasm and a quokka.

Vanquished Creatures
  A hobgoblin (D:1)
  2 jackals (D:1)
  A ball python (D:1)
  A bat (D:1)
  A frilled lizard (D:1)
  2 rats (D:1)
8 creatures vanquished.

Notes
Turn   | Place    | Note
-------+----------+-------------------------------------------
     0 | D:1      | Heoruswealwe the Deep Elf Earth Elementalist began the
                  | quest for the Orb.
     0 | D:1      | Reached XP level 1. HP: 10/10 MP: 6/6
    83 | D:1      | Slain by a quokka

Illustrated notes

Levels and vault maps discovered:
D:1:      psy_arrival_heroes, layout_basic, serial_shops, nicolae_shop_crystal,
          chequers_serial_rivers_micro_b, grunt_decor_arrowhead,
          serial_park_tiny_1

Action                   || total
-------------------------++-------
 Cast: Sandblast         ||    15
  Use: Potion            ||     1
Armor: Robe              ||     3
Dodge: Dodged            ||     7
